 Dungeon Crawl Stone Soup version 0.27.1 (webtiles) character file.

Game seed: 14667052694101677726

115 Araneus the Sneak (level 5, -2/34 HPs)
             Began as an Octopode Brigand on Aug 25, 2021.
             Slain by an orc priest (4 damage)
             ... on level 3 of the Dungeon.
             The game lasted 00:04:11 (1686 turns).

Araneus the Sneak (Octopode Brigand)                Turns: 1686, Time: 00:04:11

Health: -2/34      AC:  1    Str: 10    XL:     5   Next: 0%
Magic:  14/14      EV: 12    Int: 14    God:
Gold:   84         SH:  0    Dex: 14    Spells: 4/4 levels left

rFire    . . .     SeeInvis .   k - +1 dagger (elec)
rCold    . . .     Faith    .   (no shield)
rNeg     . . .     Spirit   .   (helmet restricted)
rPois    .         Reflect  .   (no amulet)
rElec    .         Harm     .   m - ring of magical power
rCorr    .         Rampage  .   (no ring)
Will     .....                  (no ring)
Stlth    +++++.....             (no ring)
HPRegen  0.11/turn              (no ring)
MPRegen  0.14/turn              (no ring)
                                (no ring)
                                (no ring)

@: hasted, very quick
A: almost no armour, amphibious, 8 rings, camouflage 1, gelatinous body 1,
(nimble swimmer 1), tentacles
a: no special abilities


You were on level 3 of the Dungeon.
You visited 1 branch of the dungeon, and saw 3 of its levels.

You collected 84 gold pieces.

Inventory:

Hand Weapons
 k - a +1 dagger of electrocution (weapon)
Missiles
 b - 8 poisoned darts (quivered)
 c - 2 curare-tipped darts
Jewellery
 m - a ring of magical power (left tentacle)
Scrolls
 a - 2 scrolls of vulnerability {unknown}
 e - a scroll of teleportation {unknown}
 f - a scroll of summoning {unknown}
 g - 2 scrolls of amnesia {unknown}
 i - a scroll of noise {unknown}
 n - a scroll of identify {unknown}
Potions
 h - a potion of attraction {unknown}
 j - a potion of ambrosia {unknown}
 l - 2 potions of berserk rage {unknown}
 o - a potion of brilliance {unknown}


   Skills:
 - Level 2.0 Fighting
 * Level 3.1 Short Blades
 - Level 2.0 Throwing
 - Level 1.0 Dodging
 + Level 7.7 Stealth


You had 4 spell levels left.
You didn't know any spells.
Your spell library contained the following spells:

 Spells                   Type           Power      Damage    Failure   Level
 Summon Small Mammal      Summ           0%         N/A       28%         1
 Call Canine Familiar     Summ           0%         N/A       65%         3
 Summon Guardian Golem    Hex/Summ       0%         N/A       65%         3


Dungeon Overview and Level Annotations

Branches:
Dungeon (3/15)

Altars:

Shops:
D:1 ?   D:2 !


Innate Abilities, Weirdness & Mutations

You cannot wear most types of armour.
You are amphibious.
You can wear up to eight rings at the same time.
Your skin changes colour to match your surroundings (Stealth+).
Your rubbery body absorbs attacks. (AC +1, EV +1)
((You are camouflaged near water. (Stealth+)))
You have tentacles for arms and can constrict up to eight enemies at once.


Message History

The orc priest looks braver for a moment.
You hit the orc. Lightning courses through the orc!
You kill the orc!
A goblin comes into view. It is wielding a +0 club.
The orc hits you with a +0 falchion.
The goblin moves out of view.
Things that are here:
a +0 mace; an orc corpse You hit the orc.
You grab the orc.
The orc is lightly wounded.
You constrict the orc. The orc closely misses you.
You hit the orc priest. Your grab misses the orc priest.
The orc priest is lightly wounded.
You constrict the orc. The orc barely misses you.
The orc priest barely misses you.
You hit the orc priest.
Lightning courses through the orc priest!!
You kill the orc priest!
You constrict the orc.
The orc priest calls down the wrath of Beogh upon you.
Beogh smites you!
* * * LOW HITPOINT WARNING * * *
The orc misses you.
You hear a shout!
Your Short Blades skill increases to level 3!
You hit the orc. Lightning courses through the orc!
You kill the orc!
You have reached level 5!
You feel clever.
It was a potion of haste.
You feel yourself speed up.
You hit the orc priest but do no damage.
Your grab misses the orc priest. The orc barely misses you.
The orc priest barely misses you.
You hit the orc priest but do no damage.
Your grab misses the orc priest. You hit the orc priest.
You grab the orc priest.
You squeeze the orc priest, but do no damage.
The orc priest is lightly wounded.
You constrict the orc priest, but do no damage.
The orc priest hits you with a +0 dagger.
You die...

# ........[ #.# ..
o..#...####.#######. ...
......##..........
.o.o......#..)>.....#
...oo........#......# .
..#o..#....#.#...).[#..
#..........#.#.........
#########o..#.#......#.#
........@o..#.#........#
###..$..................
##.####....###..##.<.. #
#....# ..## ####
##.#.##..# #...##.##
#.)##..# #....)# #...#.#


You could see an orc priest and an orc.

Vanquished Creatures
  An orc priest (D:3)
  An orc wizard (D:3)
  2 worms (D:2)
  2 dart slugs (D:1)
  4 orcs (D:3)
  5 endoplasms
  3 giant cockroaches
  3 goblins
  6 hobgoblins
  6 jackals (D:2)
  2 quokkas
  2 ball pythons
  2 bats
  A frilled lizard (D:3)
  A kobold (D:1)
  3 rats
44 creatures vanquished.

Notes
Turn   | Place    | Note
-------+----------+-------------------------------------------
     0 | D:1      | Araneus the Octopode Brigand began the quest for the Orb.
     0 | D:1      | Reached XP level 1. HP: 14/14 MP: 1/1
   120 | D:1      | Found Xays Xoa's Magic Scroll Shop.
   180 | D:1      | Reached XP level 2. HP: 19/19 MP: 2/2
   227 | D:1      | Reached skill level 6 in Stealth
   834 | D:2      | Reached XP level 3. HP: 14/24 MP: 3/3
  1159 | D:2      | Found Tecuzuan's Distillery.
  1673 | D:3      | Reached skill level 7 in Stealth
  1673 | D:3      | Reached XP level 4. HP: 20/29 MP: 4/4
  1683 | D:3      | Reached XP level 5. HP: 2/34 MP: 5/5
  1686 | D:3      | Slain by an orc priest

Illustrated notes

Levels and vault maps discovered:
D:1:      ncdulo_smallfort, layout_loops_ring, serial_shops, shop_statue,
          chequers_serial_rivers_small_3, solitary_fountain
D:2:      layout_rooms, serial_shops, shop
D:3:      cheibrodos_pilgrimage, layout_rooms,
          hellmonk_ecumenical_altar_leap_of_faith

Skill      XL: |  1  2  3  4 |
---------------+-------------+-----
Stealth        | 6 7 |  7.7
Short Blades   | 3 |  3.1
Fighting       | |  2.0
Throwing       | |  2.0
Dodging        | |  1.0

Action                   |  1- 3 |  4- 6 || total
-------------------------+-------+-------++-------
Melee: Dagger            |    75 |    10 ||    85
       Constrict         |    16 |     3 ||    19
       Tentacles         |     8 |     2 ||    10
  Use: Potion            |       |     1 ||     1
 Stab: Sleeping          |    13 |       ||    13
Armor: Skin              |     7 |       ||     7
Dodge: Dodged            |    24 |     6 ||    30
